AoeStats
← tony le gros rou

African Clearing

506491369Analyzed
4v4 RM · 17d ago on Sep 13, 2026· 80m 2s· 8 players
Game mode
Random Map
Map size
Large (8 player)
Population
200
Speed
Normal
Resources
Standard
Victory
Conquest
Starting age
Dark Age
Ending age
Imperial Age
RankedLock teamsTeams togetherTeam positionsShared explorationLock speedFull tech treeHidden civsTurbo modeCheats
Victory
Defeat
🇦🇷 Huns · Argentina
1482
+13
🇦🇷 Persians · Argentina
1431
+15
🇲🇽 Mongols · Mexico
1430
+15
🇸🇮 Hindustanis · Slovenia
1405
+16
🇫🇷 Mongols · France
1451
-16
🇫🇷 Maya · France
1433
-16
🇩🇪 Khmer · Germany
1391
-14
🇫🇷 Malians · France
1365
-13
Eye
4:39 Loom
13:36 Feudal Age
14:19 Horse Collar
24:12 Castle Age
22:37 Double-Bit Axe
23:58 Bloodlines
31:07 Scale Barding Armor
34:20 Chain Barding Armor
35:13 Forging
36:16 Husbandry
41:36 Imperial Age
39:42 Wheelbarrow
38:53 Town Watch
41:21 Gold Mining
41:42 Bow Saw
41:33 Heavy Plow
41:24 Stone Mining
42:11 Iron Casting
42:00 Padded Archer Armor
43:21 Chemistry
43:55 Plate Barding Armor
42:42 Heavy Camel Rider
44:45 Leather Archer Armor
44:42 Masonry
44:36 Fletching
45:51 Conscription
47:01 Ring Archer Armor
46:55 Shatagni
47:45 Light Cavalry
49:27 Blast Furnace
49:43 Ballistics
49:54 Hussar
50:32 Bodkin Arrow
52:20 Bracer
55:26 Gold Shaft Mining
55:27 Stone Shaft Mining
54:54 Grand Trunk Road
55:31 Hoardings
57:52 Hand Cart
58:38 Two-Man Saw
58:46 Imperial Camel Rider
62:05 Siege Engineers
78:17 Coinage
80:15 Town Patrol
Cleopatra
12:34 Feudal Age
13:29 Loom
16:36 Castle Age
14:42 Horse Collar
16:13 Fletching
16:35 Double-Bit Axe
22:15 Bodkin Arrow
36:04 Wheelbarrow
40:11 Padded Archer Armor
42:15 Thumb Ring
45:50 Ballistics
49:27 Imperial Age
49:13 Leather Archer Armor
49:17 Hand Cart
50:17 Bracer
50:44 Parthian Tactics
51:44 Chemistry
50:58 Heavy Cavalry Archer
53:36 Husbandry
54:12 Bloodlines
54:18 Light Cavalry
55:50 Conscription
56:16 Hussar
57:11 Scale Barding Armor
57:17 Forging
58:19 Chain Barding Armor
59:25 Iron Casting
61:15 Plate Barding Armor
66:55 Cavalier
68:18 Paladin
71:32 Caravan
76:40 Bow Saw
76:31 Heavy Plow
WalterWhite
9:47 Loom
12:05 Feudal Age
12:29 Double-Bit Axe
12:41 Horse Collar
17:55 Scale Barding Armor
22:49 Castle Age
21:00 Scale Barding Armor
26:04 Bloodlines
30:47 Husbandry
30:43 Fletching
34:23 Chain Barding Armor
37:43 Bow Saw
38:38 Forging
38:49 Heavy Plow
38:40 Gold Mining
41:25 Iron Casting
46:46 Imperial Age
44:03 Town Watch
46:28 Cavalier
47:44 Plate Barding Armor
47:05 Light Cavalry
48:47 Blast Furnace
48:40 Bodkin Arrow
49:21 Elite Skirmisher
50:07 Thumb Ring
51:25 Padded Archer Armor
50:48 Hussar
52:35 Two-Man Saw
53:50 Leather Archer Armor
54:39 Chemistry
53:59 Ballistics
56:39 Conscription
55:44 Elite War Elephant
57:00 Citadels
60:07 Caravan
60:41 Ring Archer Armor
67:46 Crop Rotation
67:44 Savar
71:28 Wheelbarrow
71:37 Hoardings
71:14 Masonry
72:45 Gold Shaft Mining
72:28 Hand Cart
[GDL] ColimoteStudioS
3:35 Loom
13:03 Feudal Age
17:44 Castle Age
16:04 Double-Bit Axe
17:46 Fletching
18:47 Wheelbarrow
18:58 Bodkin Arrow
22:10 Padded Archer Armor
23:30 Ballistics
23:05 Horse Collar
23:13 Town Watch
26:23 Leather Archer Armor
27:17 Bloodlines
27:08 Husbandry
29:06 Hand Cart
29:03 Gold Mining
36:06 Heavy Plow
36:20 Bow Saw
36:40 Thumb Ring
41:26 Imperial Age
41:05 Light Cavalry
41:51 Scale Barding Armor
41:56 Forging
43:20 Chemistry
42:34 Hussar
43:44 Conscription
44:27 Chain Barding Armor
44:43 Iron Casting
47:26 Blast Furnace
48:31 Bracer
51:52 Nomads
51:58 Elite Skirmisher
57:45 Heavy Camel Rider
60:54 Stone Mining
67:40 Gold Shaft Mining
67:40 Stone Shaft Mining
69:34 Caravan
70:04 Coinage
ccereal
10:23 Loom
12:32 Feudal Age
16:17 Castle Age
14:33 Double-Bit Axe
14:57 Stone Mining
20:59 Fletching
23:29 Bodkin Arrow
26:31 Ballistics
27:16 Padded Archer Armor
27:15 Horse Collar
29:31 Town Watch
30:08 Padded Archer Armor
32:13 Wheelbarrow
38:40 Imperial Age
36:26 Gold Mining
37:42 Leather Archer Armor
38:21 Bow Saw
39:08 Thumb Ring
42:09 Imperial Age
42:01 Murder Holes
42:17 Masonry
42:55 Bracer
45:01 Chemistry
44:57 Heavy Plow
46:07 Coinage
45:48 Guilds
46:14 Hand Cart
46:08 Elite Plumed Archer
47:36 Ring Archer Armor
48:05 Conscription
48:17 Architecture
49:02 Caravan
49:35 Banking
50:38 Crop Rotation
50:49 Stone Shaft Mining
53:52 Hoardings
53:29 Scale Mail Armor
53:39 Forging
59:24 Two-Man Saw
77:25 Caravan
tony le gros rou
5:54 Loom
13:06 Feudal Age
17:45 Castle Age
19:10 Double-Bit Axe
20:24 Fletching
30:48 Bloodlines
32:08 Bow Saw
32:19 Bodkin Arrow
34:18 Padded Archer Armor
39:02 Leather Archer Armor
46:39 Imperial Age
44:54 Ballistics
46:54 Wheelbarrow
47:28 Bracer
49:20 Chemistry
50:35 Husbandry
51:22 Light Cavalry
52:05 Scale Mail Armor
52:15 Forging
52:55 Parthian Tactics
52:30 Horse Collar
52:23 Hussar
54:22 Chain Mail Armor
54:14 Scale Barding Armor
54:44 Iron Casting
57:30 Heavy Plow
58:21 Chain Barding Armor
59:07 Blast Furnace
62:45 Thumb Ring
77:58 Hand Cart
77:29 Town Watch
78:19 Elite Mangudai
Tonymontana
7:58 Loom
13:29 Feudal Age
18:23 Castle Age
16:54 Double-Bit Axe
20:06 Bow Saw
20:35 Stone Mining
25:14 Horse Collar
26:37 Scale Mail Armor
28:05 Wheelbarrow
27:50 Heavy Plow
27:38 Town Watch
28:56 Fletching
30:45 Bodkin Arrow
32:53 Chain Mail Armor
34:03 Hand Cart
36:49 Imperial Age
35:14 Forging
37:53 Iron Casting
36:59 Elite Gbeto
38:00 Conscription
38:33 Plate Mail Armor
38:07 Town Patrol
38:44 Crop Rotation
49:07 Chemistry
56:46 Farimba
56:59 Farimba
58:24 Bloodlines
58:15 Husbandry
57:45 Cavalier
60:32 Scale Barding Armor
62:12 Chain Barding Armor
p0n0n0
7:13 Loom
13:32 Feudal Age
17:00 Castle Age
15:13 Double-Bit Axe
25:15 Horse Collar
43:40 Wheelbarrow
43:32 Scale Barding Armor
46:18 Imperial Age
43:39 Town Watch
46:49 Imperial Age
46:22 Hand Cart
49:07 Heavy Scorpion
50:42 Bow Saw
54:55 Ballistics
55:48 Chain Barding Armor
55:40 Forging
55:48 Bow Saw
56:26 Siege Engineers
57:37 Plate Barding Armor
58:18 Iron Casting
58:27 Light Cavalry
59:18 Bloodlines
59:08 Husbandry
60:20 Conscription
60:29 Hussar
63:44 Heavy Plow
64:40 Double Crossbow
67:02 Blast Furnace
75:58 Fletching
Connection lost

Rejoining the realm…

Still unreachable

The connection could not be restored.

Session expired

The server has moved on; the page needs a fresh start.